 Dungeon Crawl Stone Soup version 0.21.1-1-g345015fe64 (webtiles) character file.

106 PikkenKukken the Skirmisher (level 4, 0/37 HPs)
             Began as a Demonspawn Abyssal Knight on June 22, 2018.
             Was a Believer of Lugonu.
             Killed by nerve-wracking pain
             ... invoked by Grinder
              (11 damage)
             ... on level 3 of the Dungeon.
             The game lasted 00:04:30 (2380 turns).

PikkenKukken the Skirmisher (DsAK)                  Turns: 2380, Time: 00:04:31

Health: 0/37       AC:  3    Str: 13      XL:     4   Next: 55%
Magic:  6/6        EV: 16    Int: 16 (17) God:    Lugonu [**....]
Gold:   64         SH:  0    Dex: 18 (21) Spells: 3/3 levels left

rFire    . . .     SeeInvis .   a - +1 falchion
rCold    . . .     Gourm    .   (no shield)
rNeg     . . .     Faith    .   b - +0 leather armour
rPois    .         Spirit   .   (helmet restricted)
rElec    .         Reflect  .   (no cloak)
rCorr    .         Harm     .   (no gloves)
MR       .....                  (no boots)
Stlth    ++........             (no amulet)
HPRegen  0.12/turn              f - +4 ring of intelligence
MPRegen  0.10/turn              h - +3 ring of dexterity

@: agile
A: antennae 1, powered by pain 1
a: Depart the Abyss, Bend Space, Renounce Religion


You were on level 3 of the Dungeon.
You worshipped Lugonu.
Lugonu was pleased with you.
You were not hungry.

You visited 1 branch of the dungeon, and saw 3 of its levels.
You visited the Abyss 1 time.

You collected 64 gold pieces.

Inventory:

Hand Weapons
 a - a +1 falchion (weapon)
Missiles
 i - 12 bolts
Armour
 b - a +0 leather armour (worn)
Jewellery
 f - a +4 ring of intelligence (left hand)
 g - an uncursed ring of wizardry
 h - a +3 ring of dexterity (right hand)
Scrolls
 d - 2 scrolls of magic mapping
 e - 2 scrolls of identify
Comestibles
 c - a ration
 j - a chunk of flesh


   Skills:
 + Level 4.0 Fighting
 + Level 3.0 Long Blades
 + Level 2.4 Armour
 - Level 1.0 Dodging
 - Level 2.7 Invocations


You had 3 spell levels left.
You didn't know any spells.

Dungeon Overview and Level Annotations

Branches:
Dungeon (3/15)

Altars:

Annotations:
D:3 Grinder


Innate Abilities, Weirdness & Mutations

You have a pair of small antennae on your head.
You sometimes gain a little power by taking damage.


Message History

Grinder is moderately wounded.
Grinder gestures at you. Pain shoots through your body!
Grinder gestures at you. Pain shoots through your body!
* * * LOW HITPOINT WARNING * * *
You focus on the pain.
You feel agile all of a sudden.
You closely miss Grinder.
Grinder is moderately wounded.
Grinder misses you.
You riposte.
You barely miss Grinder.
Grinder is moderately wounded.
You hit Grinder.
Grinder is heavily wounded.
Grinder closely misses you.
You hit Grinder.
Grinder is heavily wounded.
Grinder gestures at you. Pain shoots through your body!
You die...

#.....# ...
##.#####.#
#.###...#
#.....#
####..#
#..## ##..#
#5.######
####@.......
#<.....#####
#......#
#......#
#.........
#......###
#......#
#......#
#......#


You could see Grinder.

Vanquished Creatures
  5 adders (D:2)
  A dart slug (D:1)
  A leopard gecko (D:2)
  A ball python (D:1)
  10 bats
  A giant cockroach (D:1)
  4 goblins
  8 hobgoblins
  8 jackals (D:1)
  7 kobolds
  A quokka (D:2)
  A frilled lizard (D:2)
  7 rats
55 creatures vanquished.

Notes
Turn   | Place    | Note
-------+----------+-------------------------------------------
     0 | Abyss:1  | PikkenKukken the Demonspawn Abyssal Knight began the quest for the Orb.
     0 | Abyss:1  | Reached XP level 1. HP: 18/18 MP: 2/2
   100 | Abyss:1  | Noticed a quasit
   100 | D:1      | Escaped the Abyss
   343 | D:1      | Gained mutation: You have a pair of small antennae on your head. [demonic ancestry]
   343 | D:1      | Reached XP level 2. HP: 23/24 MP: 3/3
   345 | D:1      | Reached * piety under Lugonu
   835 | D:1      | Reached XP level 3. HP: 20/30 MP: 5/5
   849 | D:1      | Reached skill level 1 in Dodging
  1614 | D:2      | Gained mutation: You sometimes gain a little power by taking damage. [demonic ancestry]
  1614 | D:2      | Reached XP level 4. HP: 24/37 MP: 6/6
  2025 | D:2      | Reached ** piety under Lugonu
  2025 | D:2      | Reached skill level 4 in Fighting
  2275 | D:3      | Noticed Grinder
  2380 | D:3      | Killed from afar by Grinder

Skill      XL: |  1  2  3  4 |
---------------+-------------+-----
Long Blades    | 2 3 |  3.0
Dodging        | 1 |  1.0
Armour         | 2 |  2.4
Fighting       | 4 |  4.0
Invocations    | |  2.7

Action                   |  1- 3 |  4- 6 || total
-------------------------+-------+-------++-------
Melee: Falchion          |   109 |    39 ||   148
Invok: Depart the Abyss  |     1 |       ||     1
  Use: Scroll            |     2 |     1 ||     3
       Potion            |     2 |     2 ||     4
  Eat: Chunk             |     2 |     1 ||     3
       Ration            |       |     1 ||     1
Armor: Leather armour    |    32 |    10 ||    42
Dodge: Dodged            |    93 |    35 ||   128
       Rpst.: Falchion   |    41 |    12 ||    53
